 Dungeon Crawl Stone Soup version 0.27-a0-860-gaf99fae3ca (webtiles) character file.

Game seed: 7093202665418057902

50 rageheart7 the Twirler (level 3, -2/34 HPs)
             Began as a Naga Gladiator on Apr 1, 2021.
             Slain by Sigmund
             ... wielding a +0 scythe
              (4 damage)
             ... on level 3 of the Dungeon.
             The game lasted 00:02:02 (2178 turns).

rageheart7 the Twirler (Naga Gladiator)             Turns: 2178, Time: 00:02:03

Health: -2/34      AC:  3    Str: 17    XL:     3   Next: 79%
Magic:  3/3        EV: 10    Int:  8    God:
Gold:   204        SH:  0    Dex: 12    Spells: 2/2 levels left

rFire    + . .     SeeInvis +   a - +0 quarterstaff
rCold    . . .     Faith    .   (shield currently unavailable)
rNeg     . . .     Spirit   .   b - +0 leather armour
rPois    +         Reflect  .   c - +0 helmet
rElec    .         Harm     .   (no cloak)
rCorr    .         Rampage  .   (no gloves)
Will     .....                  (no barding)
Stlth    +.........             (no amulet)
HPRegen  0.11/turn              f - ring of protection from fire
MPRegen  0.08/turn              (no ring)

@: short of breath, very slow
A: AC +1, large, see invisible, deformed body, poison resistance, slowness 2,
spit poison 1, naga tail 1
a: Spit Poison


You were on level 3 of the Dungeon.
You visited 1 branch of the dungeon, and saw 3 of its levels.

You collected 204 gold pieces.

Inventory:

Hand Weapons
 a - a +0 quarterstaff (weapon)
Missiles
 d - 3 throwing nets (quivered)
Armour
 b - a +0 leather armour (worn)
 c - a +0 helmet (worn)
Jewellery
 f - a ring of protection from fire (left hand)
Scrolls
 g - a scroll of immolation {unknown}
 i - a scroll of blinking {unknown}
 j - 2 scrolls of teleportation {unknown}
 k - a scroll of amnesia {unknown}
 l - a scroll of fog {unknown}
 n - a scroll of fear {unknown}
 o - a scroll of noise {unknown}
 q - a scroll of acquirement {unknown}
 r - a scroll of magic mapping {unknown}
Potions
 e - a potion of ambrosia {unknown}
 h - a potion of mutation {unknown}
 m - 2 potions of haste {unknown}
 p - a potion of curing {unknown}


   Skills:
 * Level 3.1 Fighting
 * Level 3.9 Staves
 - Level 1.7 Throwing
 - Level 2.4 Dodging


You had 2 spell levels left.
You didn't know any spells.
Your spell library contained the following spells:

 Spells                   Type           Power      Damage    Failure   Level
 Confusing Touch          Hex            0%         N/A       85%         3
 Gell's Gravitas          Tloc           0%         N/A       85%         3
 Petrify                  Tmut/Erth      0%         N/A       99%         4
 Metabolic Englaciation   Hex/Ice        0%         N/A       100%        5
 Yara's Violent Unravell  Hex/Tmut       0%         3d3       100%        5


Dungeon Overview and Level Annotations

Branches:
Dungeon (3/15)

Altars:
Kikubaaqudgha
Sif Muna

Annotations:
D:3 Sigmund


Innate Abilities, Weirdness & Mutations

Your serpentine skin is tough. (AC +1)
You have supernaturally acute eyesight. (SInv)
Armour fits poorly on your strangely shaped body.
Your system is resistant to poisons. (rPois)
You cover ground very slowly.
You can spit poison.
You have a snake-like lower body.


Message History

The splash of poison misses Sigmund.
Sigmund casts a spell at you.
You are confused.
There is an escape hatch in the ceiling here.
You bump into the rock wall.
Sigmund casts a spell at you.
You are more confused.
You bump into the rock wall.
You have got your breath back.
You bump into the rock wall.
Sigmund hits you from afar with a +0 scythe.
Sigmund points at himself and mumbles some strange words.
Sigmund flickers and vanishes for a moment.
You bump into the rock wall.
You feel less confused. Sigmund closely misses you.
Throw: 3 throwing nets
Press: ? - help, Q - select action, (/) - cycle Shift-Dir - straight line, f/p - Sigmund
Aim: Sigmund, wielding a +0 scythe and wearing a +0 robe (slightly transparent, 53% to hit)
Okay, then.
Press: ? - help, Shift-Dir - straight line, f/p - Sigmund
Aim: Sigmund, wielding a +0 scythe and wearing a +0 robe (slightly transparent)
The splash of poison hits Sigmund but does no damage.
Sigmund is poisoned.
Sigmund casts a spell at you. The puff of flame misses you.
Unknown command.
Sigmund hits you with a +0 scythe!
You sock Sigmund!
Sigmund is heavily wounded.
Sigmund hits you with a +0 scythe! Sigmund hits you with a +0 scythe.
* * * LOW HITPOINT WARNING * * *
You barely miss Sigmund.
Sigmund is heavily wounded.
Sigmund hits you with a +0 scythe.
* * * LOW HITPOINT WARNING * * *
You sock Sigmund!
Sigmund is almost dead.
Sigmund hits you with a +0 scythe.
You die...

##.##.# .. ... #.##.#
# ###.. #....# .. .#..
####.# ### #.. #.#
.:Bg#.. #.# # #r#..
#.#
..rh#..#############.#
##...<..@@........#
....?..###############
#######


You could see Sigmund (invisible, poisoned).

Vanquished Creatures
  An adder (D:2)
  A worm (D:2)
  2 dart slugs
  5 endoplasms
  2 giant cockroaches
  4 goblins
  A hobgoblin (D:1)
  3 jackals (D:1)
  A quokka (D:1)
  4 ball pythons
  2 bats
  4 frilled lizards
  2 kobolds
  A rat (D:2)
33 creatures vanquished.

Notes
Turn   | Place    | Note
-------+----------+-------------------------------------------
     0 | D:1      | rageheart7 the Naga Gladiator began the quest for the Orb.
     0 | D:1      | Reached XP level 1. HP: 19/19 MP: 1/1
   277 | D:1      | Reached XP level 2. HP: 17/27 MP: 2/2
  1075 | D:2      | Reached XP level 3. HP: 33/33 MP: 3/3
  1342 | D:2      | Found a faded altar of an unknown god.
  1797 | D:3      | Found a shimmering blue altar of Sif Muna.
  2126 | D:3      | Found an ancient bone altar of Kikubaaqudgha.
  2161 | D:3      | Noticed Sigmund
  2178 | D:3      | Slain by Sigmund

Illustrated notes

Levels and vault maps discovered:
D:1:      onia_arrival_pyramid, layout_basic, st_stairs_3,
          kennysheep_another_room
D:2:      layout_rooms, ebering_ecumenical_altar_rust, corexii_corridor_pit,
          chequers_arboretum
D:3:      layout_basic, amcnicky_altar_gilded, lemuel_round_altar,
          minmay_checkerbox, uniq_sigmund

Skill      XL: |  1  2  3 |
---------------+----------+-----
Fighting       | 3 |  3.1
Staves         | |  3.9
Throwing       | |  1.7
Dodging        | |  2.4

Action                   || total
-------------------------++-------
Melee: Quarterstaff      ||   107
 Abil: Spit Poison       ||     4
 Stab: Sleeping          ||     1
Armor: Leather armour    ||    33
Dodge: Dodged            ||    70

Table legend: (Time is in decaauts)
 A = Elapsed time spent in this place.
 B = Non-inter-level travel time spent in this place.
 C = Inter-level travel time spent in this place.
 D = Time resting spent in this place.
 E = Time spent auto-exploring this place.
 F = Levels seen in this place.
 G = Mean time per level.
                   A        B        C        D        E       F      G
               +--------+--------+--------+--------+--------+-----+--------+
         Total |   2675 |   2618 |     57 |      0 |   2335 |   3 |  891.7 |
       Dungeon |   2675 |   2618 |     57 |      0 |   2335 |   3 |  891.7 |
               +--------+--------+--------+--------+--------+-----+--------+

Top non-repeatable levels by time:
     D:1: 1266 daAuts
     D:2: 778 daAuts
     D:3: 630 daAuts
